AoeStats
← PEPEroncini

Fortress

507735398Analyzed
2v2 RM · 13d ago on Sep 19, 2026· 75m 42s· 4 players
Game mode
Random Map
Map size
Normal (6 player)
Population
200
Speed
Normal
Resources
Standard
Victory
Conquest
Starting age
Dark Age
Ending age
Imperial Age
RankedLock teamsTeams togetherTeam positionsShared explorationLock speedFull tech treeHidden civsTurbo modeCheats
Victory
Defeat
🇨🇭 Cumans · Switzerland
849
+18
🇨🇭 Hindustanis · Switzerland
822
+19
🇹🇷 Slavs · Türkiye
935
-21
🇹🇷 Huns · Türkiye
839
-16
DoktorSanta
8:34 Feudal Age
12:58 Castle Age
10:34 Man-at-Arms
12:23 Double-Bit Axe
12:19 Horse Collar
12:34 Gold Mining
13:27 Forging
13:17 Scale Mail Armor
13:19 Long Swordsman
14:01 Squires
25:02 Imperial Age
22:54 Heavy Plow
24:31 Wheelbarrow
23:43 Loom
24:42 Iron Casting
24:19 Town Watch
25:48 Two-Handed Swordsman
27:21 Druzhina
27:46 Conscription
28:47 Onager
31:03 Chemistry
32:40 Ballistics
33:22 Blast Furnace
32:38 Chain Mail Armor
36:05 Plate Mail Armor
35:01 Champion
35:30 Siege Onager
47:22 Bow Saw
57:37 Caravan
58:09 Fortified Wall
64:21 Coinage
champagnepapi
9:44 Feudal Age
10:15 Double-Bit Axe
10:13 Horse Collar
13:29 Bloodlines
13:33 Gold Mining
16:19 Castle Age
14:24 Stone Mining
15:20 Bloodlines
15:49 Loom
16:40 Wheelbarrow
17:16 Husbandry
17:30 Bow Saw
17:23 Heavy Plow
19:01 Gold Shaft Mining
22:32 Marauders
23:42 Scale Barding Armor
23:47 Forging
25:17 Hand Cart
28:54 Imperial Age
35:16 Conscription
38:32 Pikeman
39:14 Squires
39:28 Halberdier
42:32 Scale Mail Armor
43:16 Iron Casting
43:51 Chain Mail Armor
47:24 Caravan
48:10 Coinage
47:51 Guilds
49:09 Blast Furnace
50:07 Chain Barding Armor
52:45 Cavalier
56:41 Paladin
57:46 Ballistics
58:19 Plate Barding Armor
58:48 Banking
PEPEroncini
8:24 Feudal Age
9:02 Double-Bit Axe
9:43 Horse Collar
11:09 Stone Mining
12:37 Wheelbarrow
13:59 Loom
18:08 Castle Age
17:16 Gold Mining
18:25 Bloodlines
19:55 Hand Cart
21:04 Bow Saw
21:43 Husbandry
22:36 Heavy Plow
25:29 Forging
25:20 Town Watch
30:47 Imperial Age
29:26 Gold Shaft Mining
30:32 Iron Casting
30:04 Scale Barding Armor
33:09 Two-Man Saw
31:39 Heavy Camel Rider
33:26 Blast Furnace
32:47 Chain Barding Armor
32:38 Town Patrol
34:03 Grand Trunk Road
34:08 Caravan
37:08 Plate Barding Armor
37:06 Shatagni
38:21 Ballistics
39:07 Chemistry
37:54 Siege Elephant
38:40 Imperial Camel Rider
45:22 Siege Engineers
45:41 Fletching
45:53 Padded Archer Armor
55:22 Masonry
55:28 Bodkin Arrow
tily
7:09 Feudal Age
8:42 Double-Bit Axe
13:34 Castle Age
11:22 Horse Collar
14:37 Wheelbarrow
15:05 Bow Saw
15:24 Heavy Plow
17:16 Gold Mining
20:42 Scale Barding Armor
20:48 Forging
21:49 Hand Cart
21:24 Loom
22:21 Gold Shaft Mining
23:55 Bloodlines
26:02 Capped Ram
30:56 Imperial Age
33:06 Elite Steppe Lancer
34:40 Capped Ram
36:26 Chain Barding Armor
36:42 Iron Casting
38:12 Plate Barding Armor
39:46 Cavalier
45:43 Light Cavalry
46:53 Siege Ram
50:12 Paladin
50:26 Hussar
54:56 Blast Furnace
57:54 Crop Rotation
Connection lost

Rejoining the realm…

Still unreachable

The connection could not be restored.

Session expired

The server has moved on; the page needs a fresh start.